 Dungeon Crawl Stone Soup version 0.22-a0-353-g2d6336e (webtiles) character file.

140 theanonym the Conjurer (level 5, -2/35 HPs)
             Began as a Mummy Conjurer on Apr 15, 2018.
             Slain by a wight
             ... wielding a +0 falchion of electrocution
              (17 damage)
             ... on level 4 of the Dungeon.
             The game lasted 00:06:17 (3813 turns).

theanonym the Conjurer (Mummy Conjurer)             Turns: 3813, Time: 00:06:18

Health: -2/35      AC:  3    Str: 11    XL:     5   Next: 2%
Magic:  0/11       EV: 12    Int: 15    God:
Gold:   197        SH:  0    Dex: 17    Spells: 7/12 levels left

rFire    x . .     SeeInvis .   h - +0 dagger
rCold    + . .     Gourm    .   (no shield)
rNeg     + + +     Faith    .   a - +0 robe
rPois    ∞         Spirit   .   j - +0 helmet
rElec    .         Reflect  .   (no cloak)
rCorr    +         Harm     .   (no gloves)
MR       .....                  (no boots)
Stlth    ++........             (no amulet)
HPRegen  0.11/turn              b - +4 ring of dexterity
MPRegen  0.12/turn              d - ring of resist corrosion

@: no status effects
A: no food or potions, fire vulnerability, cold resistance 1, negative energy
resistance 3, torment resistance, unbreathing
a: no special abilities


Innate Abilities, Weirdness & Mutations

You do not eat or drink.
Your flesh is vulnerable to fire.
You are immune to poison.
Your flesh is cold resistant. (rC+)
You are immune to negative energy. (rN+++)
You are immune to unholy pain and torment.
You can survive without breathing.


   Skills:
 - Level 1.5 Dodging
 - Level 1.5 Stealth
 + Level 4.2 Spellcasting
 * Level 4.7 Conjurations


You had 7 spell levels left.
You knew the following spells:

 Your Spells              Type           Power        Failure   Level  Hunger
a - Magic Dart            Conj           ###.         2%          1    N/A
b - Iskenderun's Mystic   Conj           ###.....     26%         4    N/A

Skill      XL: |  1  2  3  4 |
---------------+-------------+-----
Spellcasting   | 3 4 |  4.2
Conjurations   | 4 |  4.7
Dodging        | |  1.5
Stealth        | |  1.5

Action                   |  1- 3 |  4- 6 || total
-------------------------+-------+-------++-------
Melee: Unarmed           |     3 |       ||     3
       Club              |    11 |       ||    11
       Dagger            |       |     2 ||     2
 Cast: Magic Dart        |    88 |    81 ||   169
  Use: Scroll            |     2 |       ||     2
 Stab: Sleeping          |     1 |       ||     1
Armor: Robe              |     4 |     3 ||     7
Dodge: Dodged            |    20 |    14 ||    34

Inventory:

Hand Weapons
 c - a +0 club
   (You took it off a hobgoblin on level 1 of the Dungeon)
 h - a +0 dagger (weapon)
   (You took it off a goblin on level 1 of the Dungeon)
Armour
 a - a +0 robe (worn)
 j - a +0 helmet (worn)
   (You found it on level 2 of the Dungeon)
Jewellery
 b - a +4 ring of dexterity (left hand)
   (You found it on level 1 of the Dungeon)
 d - a ring of resist corrosion (right hand)
   (You found it on level 1 of the Dungeon)
Scrolls
 e - a scroll of fear
 f - 2 scrolls of magic mapping {unknown}
 g - a scroll of remove curse {unknown}
 i - a scroll of amnesia {unknown}
 t - 2 scrolls of teleportation {!r}


You were on level 4 of the Dungeon.
You were not hungry.

You visited 1 branch of the dungeon, and saw 4 of its levels.

You collected 197 gold pieces.

Dungeon Overview and Level Annotations

Branches:
Dungeon (4/15)
 Temple: D:4-7

Altars:
Cheibriados
Gozag
Okawaru

Annotations:
D:3 Sigmund
D:4 exclusion: ogre

#........# #.# ...
#...>....# #.# ..z
#........# #.# #..
#........# #.# ..#
#........# #.# ..#
#........#######.#####..##
#......................[<.
#######.########.####...#
#..@z.............#
#.#####.....#.#..## #.#
#...###'#### #.#
#.###.....### #.#
###.........##
#######.######..⌠..[..⌠..#
#......>.....#.....⌠.....#
#........######._.###._.##
#........####.###########.


You could see a wight.

Notes
Turn   | Place    | Note
-------+----------+-------------------------------------------
     0 | D:1      | theanonym the Mummy Conjurer began the quest for the Orb.
     0 | D:1      | Reached XP level 1. HP: 13/13 MP: 4/4
   114 | D:1      | HP: 5/13 [hobgoblin/club (4)]
   442 | D:1      | Reached skill level 3 in Spellcasting
   442 | D:1      | Reached XP level 2. HP: 19/19 MP: 3/6
  1292 | D:1      | Reached XP level 3. HP: 24/24 MP: 4/7
  1515 | D:2      | HP: 11/24 [leopard gecko (5)]
  1747 | D:2      | Reached skill level 4 in Conjurations
  2257 | D:2      | Reached XP level 4. HP: 22/30 MP: 4/9
  2333 | D:2      | Learned a level 4 spell: Iskenderun's Mystic Blast
  2880 | D:3      | Noticed Sigmund
  3111 | D:4      | Noticed an ogre
  3148 | D:4      | Reached skill level 4 in Spellcasting
  3572 | D:4      | Reached XP level 5. HP: 35/35 MP: 4/11
  3777 | D:4      | Found an opulent altar of Gozag.
  3777 | D:4      | Found an iron altar of Okawaru.
  3786 | D:4      | Found a snail-covered altar of Cheibriados.
  3810 | D:4      | HP: 16/35 [wight/falchion of electrocution (6)]
  3813 | D:4      | Slain by a wight

Vanquished Creatures
  A worker ant (D:4)
  A hound skeleton (D:4)
  3 adders
  2 oozes
  3 worms
  A dart slug (D:2)
  3 leopard geckos
  An orc (D:4)
  10 bats
  3 giant cockroaches
  5 goblins
  7 hobgoblins
  6 jackals
  3 frilled lizards
  7 rats
56 creatures vanquished.

Table legend:
 A = Turns spent in this place as a percentage of turns spent in the entire game.
 B = Non-inter-level travel turns spent in this place as a percentage of non-inter-level travel turns spent in the entire game.
 C = Inter-level travel turns spent in this place as a percentage of turns spent in this place.
 D = Turns resting spent in this place as a percentage of non-inter-level travel turns spent in this place.
 E = Turns spent auto-exploring this place as a percentage of non-inter-level travel turns spent in this place.
 F = Non-inter-level travel turns spent in this place divided by the number of levels of this place that you've seen.
                   A       B       C       D       E      F
               +-------+-------+-------+-------+-------+----------------------
         Total | 100.0 | 100.0 |   6.1 |  40.3 |  48.8 | 894.8
       Dungeon | 100.0 | 100.0 |   6.1 |  40.3 |  48.8 | 894.8
               +-------+-------+-------+-------+-------+----------------------
